 Dungeon Crawl Stone Soup version 0.27-a0-1006-g1fd4cec11e (webtiles) character file.

Game seed: 4020673390563341757

74 siradein the Charlatan (level 4, -1/32 HPs)
             Began as a Demonspawn Artificer on Apr 17, 2021.
             Slain by Sigmund
             ... wielding a +0 scythe
              (6 damage)
             ... on level 2 of the Dungeon.
             The game lasted 00:03:23 (2139 turns).

siradein the Charlatan (Demonspawn Artificer)       Turns: 2139, Time: 00:03:24

Health: -1/32      AC:  9    Str: 13    XL:     4   Next: 9%
Magic:  4/4        EV:  6    Int: 12    God:
Gold:   70         SH:  0    Dex: 14    Spells: 3/3 levels left

rFire    . . .     SeeInvis .   f - staff of poison
rCold    . . .     Faith    .   (no shield)
rNeg     . . .     Spirit   .   l - +0 chain mail
rPois    +         Reflect  .   (helmet restricted)
rElec    .         Harm     .   (no cloak)
rCorr    .         Rampage  .   b - +0 pair of gloves
Will     .....                  (no boots)
Stlth    ..........             (no amulet)
HPRegen  0.10/turn              (no ring)
MPRegen  0.18/turn              (no ring)

@: no status effects
A: horns 1, magic regeneration
a: no special abilities


You were on level 2 of the Dungeon.
You visited 1 branch of the dungeon, and saw 2 of its levels.

You collected 70 gold pieces.

Inventory:

Armour
 b - a +0 pair of gloves (worn)
 l - a +0 chain mail (worn)
Magical Staves
 f - a staff of poison (weapon)
Wands
 c - a wand of flame (14) (quivered)
 d - a wand of charming (15)
Scrolls
 a - a scroll of teleportation {unknown}
 g - 2 scrolls of noise {unknown}
 k - a scroll of blinking {unknown}
Potions
 h - a potion of resistance
 i - a potion of cancellation {unknown}
 j - a potion of curing {unknown}
 m - a potion of haste {unknown}
Miscellaneous
 e - a piece from Xom's chessboard (15/15)


   Skills:
 - Level 1.0 Fighting
 + Level 2.6 Staves
 - Level 1.7 Armour
 - Level 0.8 Dodging
 - Level 0.8 Stealth
 - Level 3.8 Evocations


You had 3 spell levels left.
You didn't know any spells.
Your spell library was empty.

Dungeon Overview and Level Annotations

Branches:
Dungeon (2/15)

Altars:

Annotations:
D:2 Sigmund


Innate Abilities, Weirdness & Mutations

You have a pair of small horns on your head.
You regenerate magic rapidly.


Message History

You hit Sigmund. You headbutt Sigmund!
Sigmund is moderately wounded.
A kobold comes into view. It is wielding a +0 whip.
Sigmund hits you with a +0 scythe.
You barely miss Sigmund.
Sigmund is moderately wounded.
Sigmund hits you with a +0 scythe.
You closely miss Sigmund. Your headbutt misses Sigmund.
Sigmund is moderately wounded.
Sigmund hits you with a +0 scythe!
You closely miss Sigmund. You headbutt Sigmund.
Sigmund is moderately wounded.
Sigmund hits you with a +0 scythe.
Aiming: Throw Flame
Press: ? - help, Shift-Dir - straight line, f - Sigmund
Aim: Sigmund, wielding a +0 scythe and wearing a +0 robe (moderately wounded, 68% to hit)
The puff of flame hits Sigmund!
Sigmund is severely wounded.
Sigmund hits you with a +0 scythe.
* * * LOW HITPOINT WARNING * * *
Okay, then.
That's the wrong kind of item! (Use * to select it.) Evoke which item? (* to show all) (? for menu, Esc to quit)
Evoke which item? (* to show all) (? for menu, Esc to quit)
Okay, then.
Hit: f) staff of poison
Press: ? - help, Dir - move target, f/p - Sigmund
Aim: Sigmund, wielding a +0 scythe and wearing a +0 robe (severely wounded, about 42% to evade your staff of poison)
You completely miss Sigmund.
Sigmund is severely wounded.
Sigmund points at you and mumbles some strange words.
The puff of flame hits you.
* * * LOW HITPOINT WARNING * * *
Hit: f) staff of poison
Press: ? - help, Dir - move target, f/p - Sigmund
Aim: Sigmund, wielding a +0 scythe and wearing a +0 robe (severely wounded, about 43% to evade your staff of poison)
You closely miss Sigmund. You headbutt Sigmund.
Sigmund is severely wounded.
Sigmund hits you with a +0 scythe.
You die...

.#########.# #.##
....>....#.######.##
######.......##...# #
#.......)..#.#
#.######.......##...#
#..............######
####.###.......#
#.###.......#
...####@...........
.....K@......###>.##
..#####.####.# #..#
..# #.# #..# ##.. .#
#.# #.# #.. #.#


You could see Sigmund and a kobold.

Vanquished Creatures
  3 adders (D:2)
  A dart slug (D:1)
  4 giant cockroaches
  4 goblins
  4 jackals (D:1)
  5 kobolds
  2 quokkas (D:1)
  3 ball pythons
  11 bats
  3 frilled lizards (D:1)
  5 rats
45 creatures vanquished.

Vanquished Creatures (others)
  3 fungi (D:1)
  7 plants (D:1)
10 creatures vanquished.

Grand Total: 55 creatures vanquished

Notes
Turn   | Place    | Note
-------+----------+-------------------------------------------
     0 | D:1      | siradein the Demonspawn Artificer began the quest for the
                  | Orb.
     0 | D:1      | Reached XP level 1. HP: 15/15 MP: 1/1
   363 | D:1      | Gained mutation: You have a pair of small horns on your
                  | head. [demonic ancestry]
   363 | D:1      | Reached XP level 2. HP: 12/21 MP: 2/2
   929 | D:1      | Found a faded altar of an unknown god.
   989 | D:1      | Reached skill level 1 in Staves
  1210 | D:1      | Gained mutation: You regenerate magic rapidly. [demonic
                  | ancestry]
  1210 | D:1      | Reached XP level 3. HP: 26/26 MP: 3/3
  1971 | D:2      | Reached XP level 4. HP: 20/32 MP: 4/4
  2127 | D:2      | Noticed Sigmund
  2139 | D:2      | Slain by Sigmund

Illustrated notes

Levels and vault maps discovered:
D:1:      ncdulo_watergridlock, layout_loops_ring,
          shapermc_ecumenical_altar_mp_urbaneastern
D:2:      layout_loops_ring, roderic_roman_lattice, st_stairs_5, uniq_sigmund,
          uniq_crazy_yiuf_cottage

Skill      XL: |  1  2  3 |
---------------+----------+-----
Staves         | 1 2 |  2.6
Fighting       | |  1.0
Armour         | |  1.7
Dodging        | |  0.8
Stealth        | |  0.8
Evocations     | |  3.8

Action                   |  1- 3 |  4- 6 || total
-------------------------+-------+-------++-------
Melee: Staff             |   212 |    15 ||   227
       Headbutt          |    10 |     4 ||    14
Evoke: Wand              |       |     1 ||     1
 Stab: Sleeping          |     3 |       ||     3
Armor: Leather armour    |    53 |       ||    53
       Chain mail        |   125 |     5 ||   130
Dodge: Dodged            |   149 |     3 ||   152

Table legend: (Time is in decaauts)
 A = Elapsed time spent in this place.
 B = Non-inter-level travel time spent in this place.
 C = Inter-level travel time spent in this place.
 D = Time resting spent in this place.
 E = Time spent auto-exploring this place.
 F = Levels seen in this place.
 G = Mean time per level.
                   A        B        C        D        E       F      G
               +--------+--------+--------+--------+--------+-----+--------+
         Total |   2170 |   2157 |     13 |      3 |   1699 |   2 | 1085.0 |
       Dungeon |   2170 |   2157 |     13 |      3 |   1699 |   2 | 1085.0 |
               +--------+--------+--------+--------+--------+-----+--------+

Top non-repeatable levels by time:
     D:1: 1365 daAuts
     D:2: 805 daAuts
